Map: Dusk Towers

Players

TheCoon

  • Race: Terran Terran
  • League: Platinum

QCD - Winner!

  • Race: Terran Terran
  • League: Diamond

VOD

Have the link to the VOD?

Description

TvT

Time

  • Played on: June 26, 2016, 4:19 p.m.
  • Length: 16:55
Show
View Real Time Build Order
Export as new Build Order

TheCoon Terran 

Build Orders: Bio Tank 

Get SALT Encoding   

  12  0:01  SCV  
  13  0:13  SCV  
  14  0:22  Supply Depot  
  14  0:25  SCV  
  15  0:38  Refinery  
  15  0:43  SCV  
  15  0:47  Barracks  
  16  0:55  SCV  
  17  1:08  SCV  
  18  1:20  SCV  
  19  1:33  Orbital Command  
  19  1:34  Marine  
  20  1:48  Command Center  
  20  2:00  Marine  
  21  2:02  SCV  
  22  2:12  Supply Depot  
  22  2:14  Barracks  
  21  2:23  Marine  
  21  2:29  SCV  
  23  2:37  Factory  
  23  2:43  Marine  
  24  2:44  SCV  
  25  2:58  SCV  
  25  3:02  Barracks Tech Lab  
  25  3:03  Refinery, Barracks Reactor  
  26  3:09  Orbital Command  
  26  3:10  SCV  
  27  3:30  Siege Tank  
  27  3:32  Barracks Tech Lab  
  27  3:33  SCV  
  31  3:35  SCV  
  31  3:37  Barracks  
  32  3:41  Marine x2  
  32  3:45  Supply Depot  
  32  3:46  SCV  
  35  3:51  Engineering Bay, SCV  
  35  3:52  Combat Shields  
  36  3:57  Marine  
  36  3:58  SCV  
  38  4:05  Starport, SCV  
  38  4:08  Marine  
  40  4:13  SCV  
  40  4:16  Refinery  
  41  4:17  Refinery  
  41  4:18  SCV  
  42  4:24  Missile Turret  
  42  4:26  Barracks Reactor  
  42  4:32  SCV  
  42  4:33  Siege Tank  
  42  4:37  SCV  
  47  4:41  Marine x2  
  47  4:42  Marine  
  50  4:47  Medivac  
  50  4:52  Supply Depot  
  52  5:01  Terran Infantry Weapons Level 1  
  52  5:02  SCV x2  
  54  5:11  Stimpack  
  54  5:13  Marine x2  
  54  5:14  Supply Depot, SCV  
  57  5:20  SCV  
  58  5:22  Marine  
  59  5:31  Marine x3  
  62  5:35  Engineering Bay  
  62  5:36  SCV  
  62  5:39  Starport Reactor  
  62  5:40  Supply Depot  
  62  5:41  Supply Depot, SCV  
  64  5:47  Missile Turret  
  64  5:50  Missile Turret  
  64  5:54  Missile Turret  
  64  5:59  Missile Turret  
  64  6:00  SCV  
  64  6:02  Marine  
  66  6:08  Sensor Tower  
  66  6:09  SCV  
  67  6:14  Terran Infantry Armor Level 1  
  67  6:16  Marine  
  67  6:17  Marine  
  69  6:22  Supply Depot  
  69  6:27  Supply Depot  
  69  6:34  SCV  
  69  6:37  SCV  
  69  6:39  Marine x5  
  76  6:46  SCV  
  77  6:49  SCV  
  78  7:03  SCV  
  78  7:04  SCV  
  78  7:07  Command Center, Marine x2  
  78  7:08  Marine x3  
  84  7:10  Siege Tank  
  88  7:16  Armory, SCV  
  89  7:25  Marine  
  90  7:30  Marine x2  
  90  7:32  Marine x2  
  90  7:36  Medivac  
  90  7:37  Medivac  
  98  7:41  Factory  
  98  7:42  Siege Tank  
  98  7:43  Marine  
  102  8:03  Marine x5  
  107  8:06  Supply Depot  
  107  8:07  Supply Depot  
  107  8:09  SCV x2  
  109  8:19  Supply Depot, Siege Tank  
  111  8:21  Marine x5  
  111  8:26  Orbital Command  
  116  8:29  Factory Tech Lab  
  116  8:34  Barracks  
  116  8:39  SCV  
  116  8:40  Missile Turret x2, SCV  
  118  8:43  Missile Turret  
  118  8:45  Missile Turret  
  118  8:46  Marine  
  119  8:51  Siege Tank  
  119  8:52  Terran Vehicle Weapons Level 1, SCV x2  
  119  8:54  Marine x2  
  126  9:01  Medivac  
  128  9:03  Medivac  
  128  9:07  SCV x2  
  132  9:22  Marine, Supply Depot  
  132  9:23  Marine x3  
  136  9:30  Refinery, Siege Tank  
  136  9:31  Medivac  
  141  9:33  Refinery  
  141  9:37  Medivac  
  143  9:40  Marine x3  
  143  9:41  Marine  
  143  9:43  Barracks Reactor  
  147  9:59  Marine x5  
  152  10:16  Marine  
  152  10:17  Marine x3  
  156  10:23  Marine  
  157  10:37  Command Center  
  157  10:40  Terran Infantry Weapons Level 2, Supply Depot  
  157  10:41  Marine x5, Siege Tank, Terran Infantry Armor Level 2  
  165  10:52  Marine  
  165  10:53  Marine, Siege Tank  
  132  10:58  Marine x5  
  103  11:10  Marine x2  
  103  11:13  Siege Tank  
  103  11:16  Marine x5  
  91  11:25  Siege Tank  
  76  11:28  Marine x2  
  76  11:34  Marine x5  
  76  11:45  Siege Tank  
  76  11:46  Marine x2  
  76  11:52  Marine x5  
  76  11:57  Siege Tank  
Show
View Real Time Build Order
Export as new Build Order

QCD Terran - Winner!

Build Orders: Reaper Expand, Bio Tank 

Get SALT Encoding   

  12  0:00  SCV  
  13  0:13  SCV  
  14  0:17  Supply Depot  
  14  0:25  SCV  
  15  0:39  SCV  
  15  0:41  Barracks  
  16  0:47  Refinery  
  16  0:51  SCV  
  17  1:03  SCV  
  18  1:15  SCV  
  19  1:31  Orbital Command  
  19  1:32  Reaper  
  20  1:41  Command Center  
  20  1:52  Supply Depot  
  20  1:58  SCV  
  19  2:10  SCV  
  20  2:18  Barracks Reactor  
  20  2:26  SCV  
  20  2:28  Factory  
  21  2:33  Refinery  
  21  2:38  SCV  
  22  2:50  SCV  
  23  2:55  Marine  
  23  2:56  Marine  
  25  3:02  SCV  
  26  3:09  Orbital Command  
  26  3:13  Starport, Factory Tech Lab  
  26  3:14  Marine, SCV  
  26  3:15  Marine  
  29  3:21  Supply Depot  
  29  3:32  SCV  
  29  3:34  Marine x2, Siege Tank  
  31  3:37  SCV  
  36  3:44  SCV  
  37  3:49  SCV  
  37  3:53  Viking  
  37  3:55  Marine x2  
  42  3:56  SCV  
  42  4:02  SCV  
  44  4:08  SCV  
  44  4:09  Supply Depot  
  45  4:12  Marine  
  45  4:13  Marine  
  45  4:14  SCV  
  48  4:21  SCV  
  49  4:31  Marine  
  49  4:32  Marine, Siege Tank  
  49  4:35  Supply Depot  
  54  4:42  Barracks x2  
  54  4:46  SCV x2  
  56  4:58  Supply Depot, SCV  
  56  4:59  SCV  
  58  5:02  Marine x2  
  58  5:06  Medivac  
  62  5:10  SCV  
  62  5:11  SCV  
  64  5:20  Marine  
  64  5:21  Marine  
  66  5:23  SCV x2  
  66  5:26  Siege Tank  
  71  5:29  Command Center  
  71  5:35  SCV  
  72  5:37  SCV  
  72  5:40  Supply Depot, Barracks Tech Lab x2  
  73  5:47  Refinery, Marine x2, SCV  
  73  5:48  Refinery  
  76  5:51  Engineering Bay, SCV  
  76  5:54  Engineering Bay  
  77  5:59  SCV  
  77  6:00  Combat Shields  
  77  6:01  Marauder  
  77  6:03  Supply Depot, Stimpack  
  80  6:17  Marine x2  
  82  6:19  Siege Tank  
  82  6:22  SCV  
  82  6:25  Marine x2, SCV  
  89  6:26  Supply Depot  
  89  6:32  Terran Infantry Weapons Level 1, Terran Infantry Armor Level 1  
  89  6:34  Supply Depot  
  89  6:38  SCV x2  
  89  6:39  Marine x2  
  93  6:44  Orbital Command  
  92  6:48  Marine x2  
  92  6:50  Supply Depot, SCV x2  
  96  6:56  Supply Depot  
  96  6:57  Marine  
  97  7:02  SCV x2  
  97  7:05  Marine  
  97  7:06  Marine  
  101  7:09  Marine  
  101  7:10  Siege Tank  
  101  7:11  Starport Reactor  
  101  7:14  Marine, SCV x3  
  109  7:19  Supply Depot x2  
  109  7:22  Armory  
  109  7:26  SCV  
  109  7:29  Marine x2  
  109  7:32  SCV x2  
  109  7:33  Marine  
  109  7:34  Marine  
  114  7:38  SCV  
  114  7:40  Barracks x2  
  114  7:42  Barracks  
  116  7:44  SCV x2  
  116  7:46  Siege Tank  
  116  7:49  Marine x2, Refinery  
  116  7:50  Refinery, SCV  
  123  7:56  SCV  
  124  8:00  SCV  
  124  8:02  Marine x2, Barracks  
  127  8:05  Barracks  
  127  8:07  Marauder  
  127  8:11  Marine  
  127  8:12  SCV  
  131  8:20  Marine  
  131  8:24  Marine  
  131  8:25  SCV  
  134  8:28  Marine, Barracks Reactor  
  134  8:29  Barracks Reactor  
  134  8:32  Terran Infantry Weapons Level 2, Terran Infantry Armor Level 2  
  135  8:34  Barracks Reactor  
  135  8:40  Supply Depot  
  135  8:41  Marine x2  
  137  8:42  Supply Depot, Marauder, Siege Tank  
  137  8:43  Medivac x2, SCV  
  147  8:50  Marine  
  148  8:58  Marine  
  148  8:59  Marine, SCV  
  151  9:07  Marine x5  
  151  9:08  Marine  
  157  9:11  Terran Vehicle Weapons Level 1  
  157  9:12  Marine x2  
  157  9:15  Supply Depot  
  157  9:16  Marine x2  
  161  9:17  Supply Depot  
  161  9:18  Command Center  
  161  9:19  Starport  
  161  9:25  Marine x2  
  161  9:26  Siege Tank  
  166  9:36  Marine x7  
  166  9:37  Marine  
  174  9:41  Supply Depot  
  174  9:42  Supply Depot, Marine, Barracks Reactor x2  
  174  9:43  Marine  
  176  9:53  Marine  
  176  9:54  Marine x2  
  176  9:56  Starport Reactor  
  176  9:57  Factory  
  179  10:01  Marine  
  179  10:02  Marine x6  
  185  10:11  Marine  
  185  10:12  Marine x2  
  185  10:18  Missile Turret  
  185  10:19  Missile Turret  
  183  10:23  Marine x11  
  193  10:29  Marine  
  193  10:30  Marine x2  
  193  10:40  Marine, Command Center  
  193  10:41  Marine x5, Missile Turret  
  199  10:43  Missile Turret  
  188  11:02  Missile Turret  
  188  11:03  Marine x2  
  186  11:04  Marine x2  
  186  11:05  Marine x8  
  186  11:06  Marauder x2  
  200  11:12  Missile Turret  
  179  11:21  Command Center  
  177  11:33  Marine, Missile Turret x2  
  177  11:34  Marine x11  
  177  11:35  Marauder x2, Siege Tank  
  177  11:36  Viking x2  
  177  11:52  Missile Turret  
  177  12:03  Terran Vehicle Weapons Level 2, Terran Infantry Armor Level 3, Terran Infantry Weapons Level 3  
  177  12:23  Factory Tech Lab  
  177  12:32  Refinery  
  177  12:33  Refinery  
  177  12:37  Orbital Command  
  177  12:57  Orbital Command  
  177  13:06  Missile Turret  
  177  13:34  Command Center  
Tags
 
Add a new tag
Caveats
  • Supply blocks, unpowered buildings, or Contaminate may cause inaccurate times.
  • Supply counts are checked every 10 seconds.